 Dungeon Crawl Stone Soup version 0.30.2 (webtiles) character file.

Game seed: 11332454348268629775

32 bmack86 the Shield-Bearer (level 3, -2/31 HPs)
             Began as a Minotaur Fighter on Apr 1, 2024.
             Slain by Sigmund
             ... wielding a +0 scythe
              (6 damage)
             ... on level 2 of the Dungeon.
             The game lasted 00:01:51 (878 turns).

bmack86 the Shield-Bearer (Minotaur Fighter)         Turns: 878, Time: 00:01:52

Health: -2/31      AC:  6    Str: 22    XL:     3   Next: 10%
Magic:  2/2        EV:  9    Int:  5    God:
Gold:   15         SH:  4    Dex:  9    Spells: 2/2 levels left

rFire   . . .        a - +0 war axe
rCold   . . .        c - +0 buckler
rNeg    . . .        b - +0 scale mail
rPois   .            (helmet restricted)
rElec   .            (no cloak)
rCorr   .            (no gloves)
SInv    .            (no boots)
Will    .....        (no amulet) Stlth
                     (no ring)
HPRegen 0.25/turn    (no ring)
MPRegen 0.08/turn

%: no passive effects
@: no status effects
A: horns 2, retaliatory headbutt
a: no special abilities


You were on level 2 of the Dungeon.
You visited 1 branch of the dungeon, and saw 2 of its levels.

You collected 15 gold pieces.

Inventory:

Hand Weapons
 a - a +0 war axe (weapon)
Armour
 b - a +0 scale mail (worn)
 c - a +0 buckler (worn)
Scrolls
 e - a scroll of magic mapping {unknown}
 i - a scroll of teleportation {unknown}
 j - a scroll of brand weapon {unknown}
 k - a scroll of poison {unknown}
 l - a scroll of identify {unknown}
 m - a scroll of vulnerability {unknown}
 n - a scroll of enchant armour {unknown}
 q - a scroll of immolation {unknown}
Potions
 d - a potion of might
 f - 2 potions of brilliance {unknown}
 g - a potion of flight {unknown}
 h - 3 potions of heal wounds {unknown}
 o - a potion of lignification {unknown}
 p - a potion of cancellation {unknown}


   Skills:
 - Level 3.6 Fighting
 + Level 3.1 Axes
 - Level 3.6 Armour
 * Level 4.7 Shields


You had 2 spell levels left.
You didn't know any spells.
Your spell library contained the following spells:

 Spells                   Type           Power      Damage    Failure   Level
 Poisonous Vapours        Pois/Air       0%         N/A       94%         2
 Mephitic Cloud           Conj/Pois/Air  0%         N/A       99%         3
 Stone Arrow              Conj/Erth      0%         3d7       99%         3
 Animate Armour           Summ/Erth      0%         N/A       100%        4
 Freezing Cloud           Conj/Ice/Air   0%         6-21      100%        5
 Lehudib's Crystal Spear  Conj/Erth      0%         10d2      100%        8


Dungeon Overview and Level Annotations

Branches:
Dungeon (2/15)

Altars:

Shops:
D:1 (

Annotations:
D:2 Sigmund


Innate Abilities, Weirdness & Mutations

You have a pair of horns on your head.
You reflexively headbutt those who attack you in melee.


Message History

You kill the frilled lizard!
You see here a frilled lizard corpse.
Found a stone staircase leading down.
You now have 15 gold pieces (gained 10).
An endoplasm comes into view.
The endoplasm freezes you.
You are frozen.
You slash the endoplasm!
You kill the endoplasm!
HP restored.
Found a whip.
You see here a +0 whip.
Found a stone staircase leading up.
Found a stone staircase leading down.
q - a scroll labelled ODAMAE XUTAXI Sigmund the Dreaded comes into view.
He is wielding a +0 scythe.
Sigmund is nearby!
Sigmund points at you and mumbles some strange words.
The magic dart hits you!
Sigmund gestures wildly while chanting.
Sigmund flickers and vanishes!
Deactivating autopickup; reactivate with Ctrl-A.
Something hits you. You block something's attack.
You hit something. Something hits you but does no damage.
You hit something. Something hits you but does no damage.
You closely miss something. Something hits you.
You miss something. You miss something. Something hits you but does no damage.
You closely miss something.
You hear some strange, mumbled words.
A puff of flame appears from out of thin air!
The puff of flame hits you!
* * * LOW HITPOINT WARNING * * *
You hear some strange, mumbled words.
A magic dart appears from out of thin air!
The magic dart hits you.
* * * LOW HITPOINT WARNING * * *
You miss something. Something hits you.
You die...

#.#. ### #.#. .. ..
####.#.##.## #.#
........... #.#.#
........# #.#.#
#.#.#..# #.#.#
##...{..#### #.#.#####
#....@....?# #.#.##...
##.#.#.#<#.###.#....#.
###.......#........####
.................)## #
.......#.#.#.###.###
...#...#......##.#
.#.#...#.#.#..##.######
#>...................#
................####.##


There were no monsters in sight!

Vanquished Creatures
  A gnoll (D:1)
  3 endoplasms
  2 giant cockroaches (D:1)
  5 goblins (D:1)
  2 hobgoblins (D:1)
  A kobold (D:1)
  2 ball pythons (D:1)
  2 bats
  2 frilled lizards
  3 rats (D:1)
23 creatures vanquished.

Notes
Turn   | Place    | Note
-------+----------+-------------------------------------------
     0 | D:1      | bmack86 the Minotaur Fighter began the quest for the Orb.
     0 | D:1      | Reached XP level 1. HP: 19/19 MP: 0/0
   254 | D:1      | Reached skill level 4 in Shields
   270 | D:1      | Reached XP level 2. HP: 26/26 MP: 1/1
   281 | D:1      | Found a faded altar of an unknown god.
   445 | D:1      | Found Putwuid's Antique Weapon Emporium.
   457 | D:1      | Reached XP level 3. HP: 31/31 MP: 2/2
   866 | D:2      | Noticed Sigmund
   878 | D:2      | Slain by Sigmund

Illustrated notes

Levels and vault maps discovered:
D:1:      dpeg_arrival_more_subterranean_lakeside_camping, layout_basic,
          serial_shops, nicolae_shop_tiny_statue_garden, serial_forest,
          infiniplex_forest_fountain, infiniplex_forest_end_2,
          infiniplex_forest_end_double, infiniplex_forest_lined_room_,
          infiniplex_forest_straight_3, hellmonk_ecumenical_altar_lost_god
D:2:      minmay_spotlight, layout_basic, serial_shops, shop, uniq_sigmund

Skill      XL: |  1  2 |
---------------+-------+-----
Shields        | 4 |  4.7
Axes           | 3 |  3.1
Fighting       | |  3.6
Armour         | |  3.6

Action                     || total
---------------------------++-------
  Melee: War axe           ||    55
         Headbutt          ||     8
 Armour: Scale mail        ||    20
  Dodge: Dodged            ||    22
  Block: Buckler           ||    12
